Patriotes vs Senators
Created - 9 janvier 2015 at 19:18
Goals
|
| Patriotes |
2 |
2 |
4 |
8 |
| Senators |
3 |
2 |
2 |
7 |
|
Shots
|
| Patriotes |
13 |
8 |
18 |
39 |
| Senators |
15 |
14 |
12 |
41 |
|
1st period
1. Patriotes , Andreas Nodl 16 (Mathieu Brodeur, Christian Hanson) at 2:26
2. Senators , Niklas Hagman 22 (Stanislav Chistov, Logan Stephenson) at 3:22
3. Senators , Stanislav Chistov 31 (Niklas Hagman, Rob Niedermayer) at 10:27
4. Patriotes , Andreas Nodl 17 (Zenon Konopka, Fedor Fedorov) at 15:29
5. Senators , Niklas Hagman 23 (Tyson Barrie, Stanislav Chistov) at 19:46
Penalties :
Shane Sims (BIN) for Interference (Minor) at 6:30, A.J Thelen (Nyc) for Hooking (Minor) at 16:02
2nd period
6. Senators , Logan Stephenson 3 (Sergei Kostitsyn, Vladimir Mihalik) at 12:55 (PP)
7. Senators , Stanislav Chistov 32 (Vladimir Mihalik) at 13:59 (PP)
8. Patriotes , T.J Galiardi 12 (Joe Charlebois, Cory Emmerton) at 15:58
9. Patriotes , Lauri Tukonen 9 (Joe Charlebois, Timothy Kunes) at 19:23
Penalties :
Stanislav Chistov (BIN) for Roughing (Minor) at 5:43, Timothy Kunes (Nyc) for Holding (Minor) at 12:20, Cory Emmerton (Nyc) for Hooking (Minor) at 13:49, Niklas Hagman (BIN) for Slashing (Minor) at 19:26
3rd period
10. Patriotes , Andreas Nodl 18 (Zenon Konopka, A.J Thelen) at 0:10 (PP)
11. Patriotes , Fedor Fedorov 22 (Andreas Nodl, Zenon Konopka) at 5:33
12. Patriotes , Christian Hanson 13 (Lauri Tukonen, Liam Reddox) at 9:39
13. Patriotes , Andreas Nodl 19 (Timothy Kunes, Joey MacDonald) at 14:12 (PP)
14. Senators , Stanislav Chistov 33 (Rob Niedermayer, Niklas Hagman) at 14:22
15. Senators , Cody Hodgson 9 (Jack Skille) at 18:22
Penalties :
Shane Sims (BIN) for Hooking (Minor) at 2:23, Stanislav Chistov (BIN) for Roughing (Minor) at 6:25, Vladimir Mihalik (BIN) for Holding (Minor) at 13:00, Timothy Kunes (Nyc) for Tripping (Minor) at 16:04
Goalie Stats
Joey MacDonald (Nyc), 34 saves from 41 shots - (0,829), W, 17-15-3, 60:00 minutes
Alexander Salak (BIN), 19 saves from 26 shots - (0,731), 49:39 minutes
Jacob Markstrom (BIN), 12 saves from 13 shots - (0,923), L, 10-18-3, 10:21 minutes
Players Stats for Patriotes
Player Name G A P +/- PIM S H SB GA TA FO MP PP MP PK MP
------------------------------------------------------------------------------------
A.J Thelen 0 1 1 -3 2 1 2 4 1 1 0/0 27:17 6:06 1:09
Andreas Nodl 4 1 5 1 0 10 0 0 1 0 2/5 23:44 5:26 2:26
Andrew Gordon 0 0 0 0 0 2 2 1 0 0 0/0 17:40 4:26 2:47
Brett Skinner 0 0 0 -3 0 3 3 2 0 1 0/0 28:50 6:06 2:41
Christian Hanson 1 1 2 0 0 5 0 0 1 0 3/6 11:40 0:12 0:00
Cory Emmerton 0 1 1 0 2 1 0 0 0 0 4/9 14:52 4:26 0:00
Fedor Fedorov 1 1 2 1 0 2 0 0 0 0 0/3 21:51 5:14 0:45
Joe Charlebois 0 2 2 3 0 2 1 1 0 0 0/0 20:26 3:46 2:39
Jordan Samuels-Thomas 0 0 0 0 0 0 0 0 0 0 0/0 8:49 0:00 1:11
Lauri Tukonen 1 1 2 0 0 2 1 0 0 1 0/0 11:40 0:12 0:00
Liam Reddox 0 1 1 0 0 0 2 0 0 2 0/0 11:24 0:00 0:00
Mathieu Brodeur 0 1 1 1 0 1 1 0 0 1 0/0 13:55 0:00 2:30
Patrice Cormier 0 0 0 0 0 1 1 2 0 0 1/6 9:14 0:00 1:32
Ryan White 0 0 0 0 0 0 0 0 0 0 0/0 0:00 0:00 0:00
Sami Vatanen 0 0 0 1 0 0 1 0 0 0 0/0 11:21 0:00 0:00
T.J Galiardi 1 0 1 0 0 1 1 0 0 0 0/0 14:53 4:26 0:00
Timothy Kunes 0 2 2 3 4 1 1 2 0 0 0/0 18:12 3:46 0:27
Zack Stortini 0 0 0 0 0 0 1 0 1 0 0/0 7:34 0:00 0:00
Zenon Konopka 0 3 3 1 0 7 1 0 0 1 11/33 21:51 5:14 0:45
Players Stats for Senators
Player Name G A P +/- PIM S H SB GA TA FO MP PP MP PK MP
------------------------------------------------------------------------------------
Brett Sterling 0 0 0 -1 0 2 2 0 1 1 0/0 12:40 0:00 2:04
Cody Hodgson 1 0 1 0 0 1 0 2 0 0 3/4 11:33 0:00 2:40
Erik Haula 0 0 0 -2 0 1 0 1 0 0 3/4 11:08 0:00 0:34
Erik Karlsson 0 0 0 -6 0 1 0 2 1 0 0/0 21:13 1:17 3:42
Gabriel Bourque 0 0 0 -1 0 1 1 0 0 0 0/0 9:09 0:00 0:00
Jack Skille 0 1 1 0 0 4 2 0 0 0 0/0 9:14 0:00 0:00
Josh Hennessy 0 0 0 -2 0 2 1 0 0 0 3/7 16:17 1:35 3:02
Logan Stephenson 1 1 2 -6 0 4 1 0 0 1 0/0 21:13 1:17 3:42
Milan Jurcina 0 0 0 1 0 1 2 1 0 1 0/0 28:44 3:26 6:10
Niklas Hagman 2 2 4 3 2 5 2 0 2 0 0/2 21:38 3:08 4:31
Rob Niedermayer 0 2 2 3 0 4 3 1 1 0 30/41 22:23 3:08 5:15
Sergei Kostitsyn 0 1 1 -2 0 3 1 0 0 0 0/0 13:13 1:35 0:00
Shane Sims 0 0 0 4 4 0 0 0 0 0 0/0 10:03 0:00 0:00
Stanislav Chistov 3 2 5 2 4 7 0 1 2 0 1/3 20:45 3:08 1:38
Steven Goertzen 0 0 0 -2 0 1 0 1 0 0 1/1 13:13 1:35 0:00
Tyson Barrie 0 1 1 4 0 2 0 0 0 0 0/0 10:47 0:00 0:44
Vladimir Mihalik 0 2 2 1 2 2 4 1 0 0 0/0 27:59 3:26 5:26
Zack Kassian 0 0 0 -1 0 0 1 1 0 1 0/0 8:50 0:00 0:00
3 Stars
1 - Andreas Nodl (Nyc)
2 - Stanislav Chistov (BIN)
3 - Niklas Hagman (BIN)
Power Play
Patriotes - 2 on 6 Attempt(s) - 33,33%
Senators - 2 on 4 Attempt(s) - 50,00%
Penalty Kill
Patriotes - 2 on 4 Attempt(s) - 50,00%
- Score 0 goal in Penalty Kill
Senators - 4 on 6 Attempt(s) - 66,67%
- Score 0 goal in Penalty Kill
Official
Referees : LaRue Dennis and L'Ecuyer Frederick
Linesman : Mark Pare and Mark Wheler
Game Notes
Andreas Nodl has scored a Hat Trick!
Jacob Markstrom enters game at 9:39 of 3rd period
Stanislav Chistov has scored a Hat Trick!
Finance
Level 1 -- Attendance: 1585 (79,25%) -- Ticket Income 47 550 $
Level 2 -- Attendance: 689 (68,90%) -- Ticket Income 6 890 $
Total Attendance: 2274 (75,80%)
Total Ticket Income: 54 440 $
Other Income: 2 722 $
Total Income: 57 162 $
Patriotes
5 vs 5 Forward
Center Left Wing Right Wing Time % Phy DF OF
1 Zenon Konopka Fedor Fedorov Andreas Nodl 40 1 2 2
2 Cory Emmerton T.J Galiardi Andrew Gordon 30 1 2 2
3 Christian Hanson Liam Reddox Lauri Tukonen 20 1 2 2
4 Patrice Cormier Jordan Samuels-Thomas Zack Stortini 10 1 2 2
5 vs 5 Defense
Defense Defense Time % Phy DF OF
1 A.J Thelen Brett Skinner 40 1 2 2
2 Joe Charlebois Timothy Kunes 30 1 2 2
3 Sami Vatanen Mathieu Brodeur 20 1 2 2
4 A.J Thelen Brett Skinner 10 1 2 2
PowerPlay Forward
Center Left Wing Right Wing Time % Phy DF OF
1 Zenon Konopka Fedor Fedorov Andreas Nodl 60 1 2 2
2 Cory Emmerton T.J Galiardi Andrew Gordon 40 1 2 2
PowerPlay Defense
Defense Defense Time % Phy DF OF
1 A.J Thelen Brett Skinner 60 1 2 2
2 Joe Charlebois Timothy Kunes 40 1 2 2
Penalty Kill 4 Players Forward
Center Wing Time % Phy DF OF
1 Andreas Nodl Andrew Gordon 60 1 2 2
2 Fedor Fedorov Zenon Konopka 40 1 2 2
Penalty Kill 4 Players Defense
Defense Defense Time % Phy DF OF
1 A.J Thelen Brett Skinner 60 1 2 2
2 Joe Charlebois Timothy Kunes 40 1 2 2
Penalty Kill - 3 Players Forward
Forward Time % Phy DF OF
1 Andreas Nodl 60 1 2 2
2 Andrew Gordon 40 1 2 2
Penalty Kill - 3 Players Defense
Defense Defense Time % Phy DF OF
1 A.J Thelen Brett Skinner 60 1 2 2
2 Joe Charlebois Timothy Kunes 40 1 2 2
4 vs 4 Forward
Center Wing Time % Phy DF OF
1 Andreas Nodl Andrew Gordon 60 1 2 2
2 Fedor Fedorov Zenon Konopka 40 1 2 2
4 vs 4 Defense
Defense Defense Time % Phy DF OF
1 A.J Thelen Brett Skinner 60 1 2 2
2 Joe Charlebois Timothy Kunes 40 1 2 2
Last Minutes Offensive
Center Left Wing Right Wing Defense Defense
Zenon Konopka Fedor Fedorov Andreas Nodl A.J Thelen Brett Skinner
Last Minutes Defensive
Center Left Wing Right Wing Defense Defense
Zenon Konopka Fedor Fedorov Andreas Nodl A.J Thelen Brett Skinner
Goaltenders
Starting : Joey MacDonald
Backup : Jason Missiaen
Extra Forwards
Normal : Christian Hanson, Lauri Tukonen, Patrice Cormier - PP : Christian Hanson, Lauri Tukonen - PK : Patrice Cormier
Extra Defensemen
Normal : Sami Vatanen, Mathieu Brodeur, Joe Charlebois - PP : Sami Vatanen - PK : Mathieu Brodeur, Joe Charlebois
Penalty Shots
Andreas Nodl, Andrew Gordon, Fedor Fedorov, Zenon Konopka, Cory Emmerton
Senators
5 vs 5 Forward
Center Left Wing Right Wing Time % Phy DF OF
1 Rob Niedermayer Niklas Hagman Stanislav Chistov 39 1 2 2
2 Josh Hennessy Sergei Kostitsyn Steven Goertzen 29 1 2 2
3 Cody Hodgson Brett Sterling Jack Skille 19 1 2 2
4 Erik Haula Gabriel Bourque Zack Kassian 13 1 2 2
5 vs 5 Defense
Defense Defense Time % Phy DF OF
1 Vladimir Mihalik Milan Jurcina 40 1 2 2
2 Logan Stephenson Erik Karlsson 30 1 2 2
3 Shane Sims Tyson Barrie 20 1 2 2
4 Vladimir Mihalik Milan Jurcina 10 1 2 2
PowerPlay Forward
Center Left Wing Right Wing Time % Phy DF OF
1 Rob Niedermayer Niklas Hagman Stanislav Chistov 60 1 2 2
2 Josh Hennessy Sergei Kostitsyn Steven Goertzen 40 1 2 2
PowerPlay Defense
Defense Defense Time % Phy DF OF
1 Vladimir Mihalik Milan Jurcina 60 1 2 2
2 Logan Stephenson Erik Karlsson 40 1 2 2
Penalty Kill 4 Players Forward
Center Wing Time % Phy DF OF
1 Rob Niedermayer Niklas Hagman 60 1 2 2
2 Josh Hennessy Stanislav Chistov 40 1 2 2
Penalty Kill 4 Players Defense
Defense Defense Time % Phy DF OF
1 Vladimir Mihalik Milan Jurcina 60 1 2 2
2 Logan Stephenson Erik Karlsson 40 1 2 2
Penalty Kill - 3 Players Forward
Forward Time % Phy DF OF
1 Rob Niedermayer 60 1 2 2
2 Niklas Hagman 40 1 2 2
Penalty Kill - 3 Players Defense
Defense Defense Time % Phy DF OF
1 Vladimir Mihalik Milan Jurcina 60 1 2 2
2 Logan Stephenson Erik Karlsson 40 1 2 2
4 vs 4 Forward
Center Wing Time % Phy DF OF
1 Rob Niedermayer Niklas Hagman 60 1 2 2
2 Josh Hennessy Stanislav Chistov 40 1 2 2
4 vs 4 Defense
Defense Defense Time % Phy DF OF
1 Vladimir Mihalik Milan Jurcina 60 1 2 2
2 Logan Stephenson Erik Karlsson 40 1 2 2
Last Minutes Offensive
Center Left Wing Right Wing Defense Defense
Rob Niedermayer Niklas Hagman Stanislav Chistov Vladimir Mihalik Milan Jurcina
Last Minutes Defensive
Center Left Wing Right Wing Defense Defense
Rob Niedermayer Niklas Hagman Stanislav Chistov Vladimir Mihalik Milan Jurcina
Goaltenders
Starting : Alexander Salak
Backup : Jacob Markstrom
Extra Forwards
Normal : Jack Skille, Brett Sterling, Cody Hodgson - PP : Jack Skille, Brett Sterling - PK : Cody Hodgson
Extra Defensemen
Normal : Shane Sims, Tyson Barrie, Logan Stephenson - PP : Shane Sims - PK : Tyson Barrie, Logan Stephenson
Penalty Shots
Rob Niedermayer, Niklas Hagman, Josh Hennessy, Stanislav Chistov, Sergei Kostitsyn
% Time on Ice - Patriotes
Lines # - Real PCT - Wanted PCT - Time Play
Normal Forward
1 - 35% - 40% - 15:56
2 - 23% - 30% - 10:27
3 - 25% - 20% - 11:24
4 - 17% - 10% - 7:34
Normal Defense
1 - 43% - 40% - 19:20
2 - 31% - 30% - 14:01
3 - 25% - 20% - 11:17
4 - 2% - 10% - 0:43
PP Forward
1 - 55% - 60% - 5:26
2 - 45% - 40% - 4:26
PP Defense
1 - 62% - 60% - 6:06
2 - 38% - 40% - 3:46
PK Forward
1 - 84% - 60% - 3:58
2 - 16% - 40% - 0:45
PK Defense
1 - 57% - 60% - 2:41
2 - 43% - 40% - 2:02
PK3 Forward
1 - 0% - 60%
2 - 0% - 40%
PK3 Defense
1 - 0% - 60%
2 - 0% - 40%
44 Forward
1 - 0% - 60%
2 - 0% - 40%
44 Defense
1 - 0% - 60%
2 - 0% - 40%
Last Minute Offensive - 0:00
Last Minute Defensive - 0:04
Total
Forward - 60:00
Defense - 60:00
|
% Time on Ice - Senators
Lines # - Real PCT - Wanted PCT - Time Play
Normal Forward
1 - 35% - 39% - 15:58
2 - 26% - 29% - 11:40
3 - 20% - 19% - 8:53
4 - 19% - 13% - 8:50
Normal Defense
1 - 39% - 40% - 17:40
2 - 36% - 30% - 16:14
3 - 22% - 20% - 9:59
4 - 3% - 10% - 1:28
PP Forward
1 - 66% - 60% - 3:08
2 - 34% - 40% - 1:35
PP Defense
1 - 73% - 60% - 3:26
2 - 27% - 40% - 1:17
PK Forward
1 - 69% - 60% - 6:50
2 - 31% - 40% - 3:02
PK Defense
1 - 63% - 60% - 6:10
2 - 38% - 40% - 3:42
PK3 Forward
1 - 0% - 60%
2 - 0% - 40%
PK3 Defense
1 - 0% - 60%
2 - 0% - 40%
44 Forward
1 - 0% - 60%
2 - 0% - 40%
44 Defense
1 - 0% - 60%
2 - 0% - 40%
Last Minute Offensive - 0:04
Last Minute Defensive - 0:00
Total
Forward - 60:00
Defense - 60:00
|
Play by Play
1st period
0:01 of 1st period - Zenon Konopka wins face-off versus Niklas Hagman in neutral zone.
0:25 of 1st period - Icing by Niklas Hagman.
0:26 of 1st period - Josh Hennessy wins face-off versus Cory Emmerton in Senators zone.
0:41 of 1st period - Slapshot by Andrew Gordon.
0:41 of 1st period - Stopped by Alexander Salak with a rebound.
1:19 of 1st period - Snap shot by Andreas Nodl.
1:19 of 1st period - Shot Misses the Net.
1:21 of 1st period - Snap shot by Joe Charlebois.
1:21 of 1st period - Shot Misses the Net.
1:35 of 1st period - Mathieu Brodeur is hit by Rob Niedermayer and loses puck.
1:51 of 1st period - Mathieu Brodeur is hit by Rob Niedermayer and loses puck.
2:22 of 1st period - Wrist shot by Christian Hanson.
2:22 of 1st period - Stopped by Alexander Salak with a rebound.
2:24 of 1st period - Slapshot by Mathieu Brodeur.
2:24 of 1st period - Stopped by Alexander Salak with a rebound.
2:26 of 1st period - Slapshot by Andreas Nodl.
2:26 of 1st period - Goal by Andreas Nodl - Patriotes : 1 - Senators : 0.
2:27 of 1st period - Rob Niedermayer wins face-off versus Cory Emmerton in neutral zone.
3:14 of 1st period - Snap shot by Niklas Hagman.
3:14 of 1st period - Shot Blocked by A.J Thelen.
3:16 of 1st period - Slapshot by Logan Stephenson.
3:16 of 1st period - Shot Blocked by A.J Thelen.
3:18 of 1st period - Snap shot by Niklas Hagman.
3:18 of 1st period - Shot Misses the Net.
3:20 of 1st period - Wrist shot by Stanislav Chistov.
3:20 of 1st period - Stopped by Joey MacDonald with a rebound.
3:22 of 1st period - Wrist shot by Niklas Hagman.
3:22 of 1st period - Goal by Niklas Hagman - Patriotes : 1 - Senators : 1.
3:23 of 1st period - Zenon Konopka wins face-off versus Josh Hennessy in neutral zone.
3:26 of 1st period - Snap shot by Fedor Fedorov.
3:26 of 1st period - Shot Misses the Net.
3:28 of 1st period - Wrist shot by Fedor Fedorov.
3:28 of 1st period - Shot Hit the Post.
3:34 of 1st period - Wrist shot by Andreas Nodl.
3:34 of 1st period - Shot Misses the Net.
3:38 of 1st period - Wrist shot by Zenon Konopka.
3:38 of 1st period - Shot Misses the Net.
4:11 of 1st period - Logan Stephenson is hit by Zack Stortini and loses puck.
4:36 of 1st period - Slapshot by Andreas Nodl.
4:36 of 1st period - Stopped by Alexander Salak without a rebound.
4:37 of 1st period - Rob Niedermayer wins face-off versus Zenon Konopka in Senators zone.
5:29 of 1st period - Slapshot by Lauri Tukonen.
5:29 of 1st period - Shot Blocked by Cody Hodgson.
5:45 of 1st period - Snap shot by Brett Skinner.
5:45 of 1st period - Stopped by Alexander Salak with a rebound.
6:03 of 1st period - Tyson Barrie is hit by Sami Vatanen.
6:13 of 1st period - Slapshot by Rob Niedermayer.
6:13 of 1st period - Shot Misses the Net.
6:30 of 1st period - Minor Penalty to Shane Sims for Interference.
6:31 of 1st period - Rob Niedermayer wins face-off versus Zenon Konopka in Senators zone.
6:39 of 1st period - Rob Niedermayer is hit by A.J Thelen and loses puck.
8:30 of 1st period - Penalty to Shane Sims is over, Shane Sims is back on ice.
8:38 of 1st period - Snap shot by Shane Sims.
8:38 of 1st period - Shot Misses the Net.
8:42 of 1st period - Snap shot by Gabriel Bourque.
8:42 of 1st period - Shot Blocked by Patrice Cormier.
8:44 of 1st period - Wrist shot by Erik Haula.
8:44 of 1st period - Stopped by Joey MacDonald with a rebound.
8:46 of 1st period - Wrist shot by Gabriel Bourque.
8:46 of 1st period - Shot Misses the Net.
9:12 of 1st period - Lauri Tukonen is hit by Rob Niedermayer and loses puck.
9:29 of 1st period - Snap shot by Christian Hanson.
9:29 of 1st period - Shot Blocked by Cody Hodgson.
9:31 of 1st period - Wrist shot by Lauri Tukonen.
9:31 of 1st period - Stopped by Alexander Salak with a rebound.
9:43 of 1st period - Wrist shot by Christian Hanson.
9:43 of 1st period - Stopped by Alexander Salak with a rebound.
9:49 of 1st period - Vladimir Mihalik is hit by Liam Reddox and loses puck.
10:02 of 1st period - Wrist shot by Jack Skille.
10:02 of 1st period - Stopped by Joey MacDonald with a rebound.
10:04 of 1st period - Snap shot by Brett Sterling.
10:04 of 1st period - Shot Blocked by Brett Skinner.
10:23 of 1st period - Backhand shot by Cody Hodgson.
10:23 of 1st period - Deflect By Jack Skille.
10:23 of 1st period - Stopped by Joey MacDonald without a rebound.
10:24 of 1st period - Rob Niedermayer wins face-off versus Zenon Konopka in Patriotes zone.
10:27 of 1st period - Wrist shot by Stanislav Chistov.
10:27 of 1st period - Deflect By Andreas Nodl.
10:27 of 1st period - Goal by Stanislav Chistov - Patriotes : 1 - Senators : 2.
10:28 of 1st period - Zenon Konopka wins face-off versus Stanislav Chistov in neutral zone.
10:39 of 1st period - Wrist shot by Stanislav Chistov.
10:39 of 1st period - Deflect By Niklas Hagman.
10:39 of 1st period - Shot Misses the Net.
10:39 of 1st period - Puck is out of play.
10:40 of 1st period - Rob Niedermayer wins face-off versus Zenon Konopka in Patriotes zone.
10:53 of 1st period - Snap shot by Rob Niedermayer.
10:53 of 1st period - Stopped by Joey MacDonald without a rebound.
10:54 of 1st period - Josh Hennessy wins face-off versus Zenon Konopka in Patriotes zone.
11:19 of 1st period - A.J Thelen is hit by Logan Stephenson and loses puck.
11:46 of 1st period - A.J Thelen is hit by Zack Kassian and loses puck.
12:07 of 1st period - Brett Skinner is hit by Brett Sterling and loses puck.
12:28 of 1st period - Snap shot by Josh Hennessy.
12:28 of 1st period - Shot Misses the Net.
12:44 of 1st period - Wrist shot by Rob Niedermayer.
12:44 of 1st period - Shot Blocked by Joe Charlebois.
12:46 of 1st period - Wrist shot by Stanislav Chistov.
12:46 of 1st period - Shot Misses the Net.
13:01 of 1st period - Icing by Zack Kassian.
13:02 of 1st period - Erik Haula wins face-off versus Patrice Cormier in Senators zone.
13:15 of 1st period - Slapshot by Sami Vatanen.
13:15 of 1st period - Shot Blocked by Zack Kassian.
13:17 of 1st period - Slapshot by Sami Vatanen.
13:17 of 1st period - Deflect By Patrice Cormier.
13:17 of 1st period - Shot Misses the Net.
13:17 of 1st period - Puck is out of play.
13:18 of 1st period - Zenon Konopka wins face-off versus Rob Niedermayer in Senators zone.
13:19 of 1st period - Snap shot by Andreas Nodl.
13:19 of 1st period - Stopped by Alexander Salak with a rebound.
13:21 of 1st period - Wrist shot by Fedor Fedorov.
13:21 of 1st period - Shot Misses the Net.
13:23 of 1st period - Snap shot by Fedor Fedorov.
13:23 of 1st period - Deflect By Rob Niedermayer.
13:23 of 1st period - Shot Blocked by Stanislav Chistov.
13:23 of 1st period - Puck is out of play.
13:24 of 1st period - Rob Niedermayer wins face-off versus Zenon Konopka in Senators zone.
14:37 of 1st period - Slapshot by Zenon Konopka.
14:37 of 1st period - Deflect By Andreas Nodl.
14:37 of 1st period - Stopped by Alexander Salak with a rebound.
15:23 of 1st period - Wrist shot by Zenon Konopka.
15:23 of 1st period - Stopped by Alexander Salak with a rebound.
15:25 of 1st period - Snap shot by Zenon Konopka.
15:25 of 1st period - Stopped by Alexander Salak with a rebound.
15:27 of 1st period - Snap shot by Zenon Konopka.
15:27 of 1st period - Shot Misses the Net.
15:29 of 1st period - Wrist shot by Andreas Nodl.
15:29 of 1st period - Goal by Andreas Nodl - Patriotes : 2 - Senators : 2.
15:30 of 1st period - Rob Niedermayer wins face-off versus Cory Emmerton in neutral zone.
15:41 of 1st period - Slapshot by Rob Niedermayer.
15:41 of 1st period - Shot Misses the Net.
15:43 of 1st period - Backhand shot by Rob Niedermayer.
15:43 of 1st period - Stopped by Joey MacDonald without a rebound.
15:44 of 1st period - Rob Niedermayer wins face-off versus Cory Emmerton in Patriotes zone.
16:02 of 1st period - Minor Penalty to A.J Thelen for Hooking.
16:03 of 1st period - Rob Niedermayer wins face-off versus Patrice Cormier in Patriotes zone.
16:19 of 1st period - Snap shot by Rob Niedermayer.
16:19 of 1st period - Deflect By Stanislav Chistov.
16:19 of 1st period - Shot Hit the Post.
16:19 of 1st period - Puck is out of play.
16:20 of 1st period - Rob Niedermayer wins face-off versus Patrice Cormier in Patriotes zone.
16:33 of 1st period - Snap shot by Niklas Hagman.
16:33 of 1st period - Shot Blocked by Patrice Cormier.
18:02 of 1st period - Penalty to A.J Thelen is over, A.J Thelen is back on ice.
18:04 of 1st period - Icing by Brett Skinner.
18:05 of 1st period - Christian Hanson wins face-off versus Rob Niedermayer in Patriotes zone.
18:39 of 1st period - Slapshot by Logan Stephenson.
18:39 of 1st period - Stopped by Joey MacDonald with a rebound.
18:41 of 1st period - Slapshot by Logan Stephenson.
18:41 of 1st period - Stopped by Joey MacDonald without a rebound.
18:42 of 1st period - Cory Emmerton wins face-off versus Rob Niedermayer in Patriotes zone.
18:42 of 1st period - Cory Emmerton is hit by Niklas Hagman.
19:09 of 1st period - Zenon Konopka is hit by Milan Jurcina and loses puck.
19:34 of 1st period - Snap shot by Sergei Kostitsyn.
19:34 of 1st period - Shot Blocked by A.J Thelen.
19:36 of 1st period - Slapshot by Shane Sims.
19:36 of 1st period - Deflect By Josh Hennessy.
19:36 of 1st period - Stopped by Joey MacDonald with a rebound.
19:38 of 1st period - Snap shot by Josh Hennessy.
19:38 of 1st period - Stopped by Joey MacDonald with a rebound.
19:40 of 1st period - Slapshot by Sergei Kostitsyn.
19:40 of 1st period - Stopped by Joey MacDonald without a rebound.
19:41 of 1st period - Rob Niedermayer wins face-off versus Cory Emmerton in Patriotes zone.
19:42 of 1st period - Snap shot by Stanislav Chistov.
19:42 of 1st period - Shot Misses the Net.
19:44 of 1st period - Slapshot by Tyson Barrie.
19:44 of 1st period - Stopped by Joey MacDonald with a rebound.
19:46 of 1st period - Wrist shot by Niklas Hagman.
19:46 of 1st period - Goal by Niklas Hagman - Patriotes : 2 - Senators : 3.
19:47 of 1st period - Cory Emmerton wins face-off versus Rob Niedermayer in neutral zone.
19:56 of 1st period - Slapshot by Cory Emmerton.
19:56 of 1st period - Shot Misses the Net.
Goals for this period are 2 for Patriotes vs 3 for Senators.
Shots for this period are 13 for Patriotes vs 15 for Senators.
2nd period
0:01 of 2nd period - Rob Niedermayer wins face-off versus Zenon Konopka in neutral zone.
0:04 of 2nd period - Wrist shot by Niklas Hagman.
0:04 of 2nd period - Shot Misses the Net.
0:16 of 2nd period - Snap shot by Zenon Konopka.
0:16 of 2nd period - Stopped by Alexander Salak without a rebound.
0:17 of 2nd period - Cory Emmerton wins face-off versus Josh Hennessy in Senators zone.
0:28 of 2nd period - Slapshot by T.J Galiardi.
0:28 of 2nd period - Shot Misses the Net.
0:30 of 2nd period - Wrist shot by T.J Galiardi.
0:30 of 2nd period - Shot Misses the Net.
0:32 of 2nd period - Slapshot by Brett Skinner.
0:32 of 2nd period - Shot Blocked by Milan Jurcina.
1:06 of 2nd period - Gabriel Bourque is hit by Joe Charlebois and loses puck.
1:34 of 2nd period - Wrist shot by Gabriel Bourque.
1:34 of 2nd period - Stopped by Joey MacDonald without a rebound.
1:35 of 2nd period - Cory Emmerton wins face-off versus Rob Niedermayer in Patriotes zone.
2:01 of 2nd period - A.J Thelen is hit by Jack Skille and loses puck.
3:25 of 2nd period - Gabriel Bourque is hit by Andrew Gordon and loses puck.
3:42 of 2nd period - Jordan Samuels-Thomas is hit by Vladimir Mihalik and loses puck.
3:58 of 2nd period - Slapshot by Milan Jurcina.
3:58 of 2nd period - Deflect By Sami Vatanen.
3:58 of 2nd period - Stopped by Joey MacDonald with a rebound.
4:00 of 2nd period - Slapshot by Erik Haula.
4:00 of 2nd period - Shot Misses the Net.
4:02 of 2nd period - Wrist shot by Erik Haula.
4:02 of 2nd period - Shot Misses the Net.
4:14 of 2nd period - Snap shot by Zack Kassian.
4:14 of 2nd period - Shot Misses the Net.
4:16 of 2nd period - Slapshot by Tyson Barrie.
4:16 of 2nd period - Stopped by Joey MacDonald without a rebound.
4:17 of 2nd period - Stanislav Chistov wins face-off versus Andreas Nodl in Patriotes zone.
4:43 of 2nd period - Sergei Kostitsyn is hit by T.J Galiardi and loses puck.
5:43 of 2nd period - Minor Penalty to Stanislav Chistov for Roughing.
5:44 of 2nd period - Rob Niedermayer wins face-off versus Andreas Nodl in Senators zone.
7:43 of 2nd period - Penalty to Stanislav Chistov is over, Stanislav Chistov is back on ice.
7:47 of 2nd period - Slapshot by Christian Hanson.
7:47 of 2nd period - Stopped by Alexander Salak with a rebound.
7:53 of 2nd period - Snap shot by Stanislav Chistov.
7:53 of 2nd period - Stopped by Joey MacDonald with a rebound.
8:03 of 2nd period - Stanislav Chistov is hit by Liam Reddox and loses puck.
8:33 of 2nd period - Slapshot by Vladimir Mihalik.
8:33 of 2nd period - Stopped by Joey MacDonald with a rebound.
8:35 of 2nd period - Snap shot by Sergei Kostitsyn.
8:35 of 2nd period - Stopped by Joey MacDonald with a rebound.
8:44 of 2nd period - Icing by Josh Hennessy.
8:45 of 2nd period - Patrice Cormier wins face-off versus Josh Hennessy in Senators zone.
9:25 of 2nd period - Wrist shot by Zenon Konopka.
9:25 of 2nd period - Stopped by Alexander Salak with a rebound.
9:33 of 2nd period - Timothy Kunes is hit by Gabriel Bourque and loses puck.
9:47 of 2nd period - Off-side.
9:48 of 2nd period - Josh Hennessy wins face-off versus Christian Hanson in neutral zone.
10:13 of 2nd period - Niklas Hagman is hit by A.J Thelen and loses puck.
10:22 of 2nd period - Sami Vatanen is hit by Niklas Hagman and loses puck.
11:17 of 2nd period - Steven Goertzen is hit by Brett Skinner and loses puck.
11:43 of 2nd period - Rob Niedermayer is hit by Brett Skinner and loses puck.
12:08 of 2nd period - Snap shot by Jack Skille.
12:08 of 2nd period - Shot Misses the Net.
12:10 of 2nd period - Snap shot by Brett Sterling.
12:10 of 2nd period - Stopped by Joey MacDonald with a rebound.
12:12 of 2nd period - Snap shot by Jack Skille.
12:12 of 2nd period - Stopped by Joey MacDonald with a rebound.
12:14 of 2nd period - Slapshot by Shane Sims.
12:14 of 2nd period - Shot Misses the Net.
12:20 of 2nd period - Minor Penalty to Timothy Kunes for Holding.
12:21 of 2nd period - Andreas Nodl wins face-off versus Rob Niedermayer in Patriotes zone.
12:55 of 2nd period - Slapshot by Logan Stephenson.
12:55 of 2nd period - Goal by Logan Stephenson - Patriotes : 2 - Senators : 4.
12:56 of 2nd period - Rob Niedermayer wins face-off versus Zenon Konopka in neutral zone.
13:05 of 2nd period - Wrist shot by Niklas Hagman.
13:05 of 2nd period - Shot Misses the Net.
13:07 of 2nd period - Slapshot by Vladimir Mihalik.
13:07 of 2nd period - Stopped by Joey MacDonald without a rebound.
13:08 of 2nd period - Zenon Konopka wins face-off versus Rob Niedermayer in Patriotes zone.
13:08 of 2nd period - Zenon Konopka is hit by Milan Jurcina.
13:34 of 2nd period - Vladimir Mihalik is hit by Andrew Gordon and loses puck.
13:49 of 2nd period - Minor Penalty to Cory Emmerton for Hooking.
13:50 of 2nd period - Andreas Nodl wins face-off versus Niklas Hagman in Patriotes zone.
13:57 of 2nd period - Snap shot by Stanislav Chistov.
13:57 of 2nd period - Shot Hit the Post.
13:59 of 2nd period - Slapshot by Stanislav Chistov.
13:59 of 2nd period - Goal by Stanislav Chistov - Patriotes : 2 - Senators : 5.
14:00 of 2nd period - Rob Niedermayer wins face-off versus Zenon Konopka in neutral zone.
14:05 of 2nd period - Wrist shot by Niklas Hagman.
14:05 of 2nd period - Deflect By Andreas Nodl.
14:05 of 2nd period - Shot Misses the Net.
14:05 of 2nd period - Puck is out of play.
14:06 of 2nd period - Rob Niedermayer wins face-off versus Zenon Konopka in Patriotes zone.
14:31 of 2nd period - Cory Emmerton is hit by Vladimir Mihalik and loses puck.
15:09 of 2nd period - Joe Charlebois is hit by Vladimir Mihalik and loses puck.
15:31 of 2nd period - Wrist shot by Niklas Hagman.
15:31 of 2nd period - Stopped by Joey MacDonald with a rebound.
15:37 of 2nd period - Wrist shot by Rob Niedermayer.
15:37 of 2nd period - Stopped by Joey MacDonald with a rebound.
15:51 of 2nd period - Backhand shot by Cory Emmerton.
15:51 of 2nd period - Shot Blocked by Steven Goertzen.
15:53 of 2nd period - Slapshot by Joe Charlebois.
15:53 of 2nd period - Stopped by Alexander Salak with a rebound.
15:58 of 2nd period - Snap shot by T.J Galiardi.
15:58 of 2nd period - Goal by T.J Galiardi - Patriotes : 3 - Senators : 5.
15:59 of 2nd period - Rob Niedermayer wins face-off versus Zenon Konopka in neutral zone.
17:02 of 2nd period - Mathieu Brodeur is hit by Vladimir Mihalik and loses puck.
18:02 of 2nd period - Wrist shot by Andrew Gordon.
18:02 of 2nd period - Shot Misses the Net.
18:14 of 2nd period - Wrist shot by Steven Goertzen.
18:14 of 2nd period - Stopped by Joey MacDonald with a rebound.
18:20 of 2nd period - Slapshot by Joe Charlebois.
18:20 of 2nd period - Stopped by Alexander Salak without a rebound.
18:21 of 2nd period - Rob Niedermayer wins face-off versus Zenon Konopka in Senators zone.
18:28 of 2nd period - Wrist shot by Andreas Nodl.
18:28 of 2nd period - Stopped by Alexander Salak without a rebound.
18:29 of 2nd period - Zenon Konopka wins face-off versus Rob Niedermayer in Senators zone.
19:17 of 2nd period - Slapshot by Timothy Kunes.
19:17 of 2nd period - Shot Blocked by Erik Karlsson.
19:19 of 2nd period - Slapshot by Joe Charlebois.
19:19 of 2nd period - Shot Misses the Net.
19:23 of 2nd period - Slapshot by Lauri Tukonen.
19:23 of 2nd period - Goal by Lauri Tukonen - Patriotes : 4 - Senators : 5.
19:24 of 2nd period - Rob Niedermayer wins face-off versus Zenon Konopka in neutral zone.
19:26 of 2nd period - Minor Penalty to Niklas Hagman for Slashing.
19:27 of 2nd period - Rob Niedermayer wins face-off versus Fedor Fedorov in Senators zone.
Goals for this period are 2 for Patriotes vs 2 for Senators.
Shots for this period are 8 for Patriotes vs 14 for Senators.
3rd period
0:01 of 3rd period - Rob Niedermayer wins face-off versus Zenon Konopka in neutral zone.
0:10 of 3rd period - Wrist shot by Andreas Nodl.
0:10 of 3rd period - Goal by Andreas Nodl - Patriotes : 5 - Senators : 5.
0:11 of 3rd period - Rob Niedermayer wins face-off versus Zenon Konopka in neutral zone.
0:44 of 3rd period - Joe Charlebois is hit by Sergei Kostitsyn.
2:23 of 3rd period - Minor Penalty to Shane Sims for Hooking.
2:24 of 3rd period - Rob Niedermayer wins face-off versus Zenon Konopka in Senators zone.
4:23 of 3rd period - Penalty to Shane Sims is over, Shane Sims is back on ice.
5:25 of 3rd period - Icing by Logan Stephenson.
5:26 of 3rd period - Zenon Konopka wins face-off versus Stanislav Chistov in Senators zone.
5:31 of 3rd period - Slapshot by Fedor Fedorov.
5:31 of 3rd period - Shot Blocked by Rob Niedermayer.
5:33 of 3rd period - Wrist shot by Fedor Fedorov.
5:33 of 3rd period - Goal by Fedor Fedorov - Patriotes : 6 - Senators : 5.
5:34 of 3rd period - Zenon Konopka wins face-off versus Rob Niedermayer in neutral zone.
6:01 of 3rd period - Cory Emmerton is hit by Josh Hennessy and loses puck.
6:08 of 3rd period - Slapshot by Sergei Kostitsyn.
6:08 of 3rd period - Shot Misses the Net.
6:10 of 3rd period - Snap shot by Josh Hennessy.
6:10 of 3rd period - Deflect By Sergei Kostitsyn.
6:10 of 3rd period - Stopped by Joey MacDonald without a rebound.
6:11 of 3rd period - Cody Hodgson wins face-off versus Zenon Konopka in Patriotes zone.
6:22 of 3rd period - Snap shot by Andreas Nodl.
6:22 of 3rd period - Stopped by Alexander Salak without a rebound.
6:23 of 3rd period - Rob Niedermayer wins face-off versus Zenon Konopka in Senators zone.
6:25 of 3rd period - Minor Penalty to Stanislav Chistov for Roughing.
6:26 of 3rd period - Rob Niedermayer wins face-off versus Zenon Konopka in Senators zone.
6:42 of 3rd period - Milan Jurcina is hit by Brett Skinner.
7:01 of 3rd period - Wrist shot by Andrew Gordon.
7:01 of 3rd period - Stopped by Alexander Salak with a rebound.
7:03 of 3rd period - Wrist shot by Cory Emmerton.
7:03 of 3rd period - Shot Blocked by Erik Karlsson.
8:25 of 3rd period - Penalty to Stanislav Chistov is over, Stanislav Chistov is back on ice.
8:50 of 3rd period - Slapshot by Logan Stephenson.
8:50 of 3rd period - Stopped by Joey MacDonald with a rebound.
9:10 of 3rd period - Snap shot by Brett Sterling.
9:10 of 3rd period - Stopped by Joey MacDonald with a rebound.
9:12 of 3rd period - Wrist shot by Brett Sterling.
9:12 of 3rd period - Shot Blocked by Timothy Kunes.
9:14 of 3rd period - Backhand shot by Erik Haula.
9:14 of 3rd period - Shot Blocked by Timothy Kunes.
9:16 of 3rd period - Slapshot by Erik Karlsson.
9:16 of 3rd period - Deflect By Timothy Kunes.
9:16 of 3rd period - Stopped by Joey MacDonald with a rebound.
9:37 of 3rd period - Snap shot by Lauri Tukonen.
9:37 of 3rd period - Shot Misses the Net.
9:39 of 3rd period - Wrist shot by Christian Hanson.
9:39 of 3rd period - Goal by Christian Hanson - Patriotes : 7 - Senators : 5.
9:39 of 3rd period - Jacob Markstrom enters game.
9:40 of 3rd period - Zenon Konopka wins face-off versus Josh Hennessy in neutral zone.
10:05 of 3rd period - Fedor Fedorov is hit by Jack Skille and loses puck.
10:59 of 3rd period - Icing by Mathieu Brodeur.
11:00 of 3rd period - Erik Haula wins face-off versus Patrice Cormier in Patriotes zone.
11:20 of 3rd period - Zack Kassian is hit by Patrice Cormier and loses puck.
11:55 of 3rd period - Snap shot by Patrice Cormier.
11:55 of 3rd period - Shot Misses the Net.
11:57 of 3rd period - Slapshot by Mathieu Brodeur.
11:57 of 3rd period - Deflect By Zack Stortini.
11:57 of 3rd period - Shot Blocked by Erik Haula.
11:57 of 3rd period - Puck is out of play.
11:58 of 3rd period - Rob Niedermayer wins face-off versus Fedor Fedorov in Senators zone.
13:00 of 3rd period - Minor Penalty to Vladimir Mihalik for Holding.
13:01 of 3rd period - Rob Niedermayer wins face-off versus Zenon Konopka in Senators zone.
13:20 of 3rd period - Niklas Hagman is hit by Zenon Konopka and loses puck.
13:37 of 3rd period - Slapshot by Cory Emmerton.
13:37 of 3rd period - Stopped by Jacob Markstrom with a rebound.
13:58 of 3rd period - Off-side.
13:59 of 3rd period - Rob Niedermayer wins face-off versus Zenon Konopka in neutral zone.
14:10 of 3rd period - Wrist shot by Timothy Kunes.
14:10 of 3rd period - Shot Hit the Post.
14:12 of 3rd period - Wrist shot by Andreas Nodl.
14:12 of 3rd period - Goal by Andreas Nodl - Patriotes : 8 - Senators : 5.
14:13 of 3rd period - Rob Niedermayer wins face-off versus Fedor Fedorov in neutral zone.
14:16 of 3rd period - Snap shot by Niklas Hagman.
14:16 of 3rd period - Deflect By Rob Niedermayer.
14:16 of 3rd period - Stopped by Joey MacDonald with a rebound.
14:18 of 3rd period - Wrist shot by Rob Niedermayer.
14:18 of 3rd period - Shot Blocked by A.J Thelen.
14:20 of 3rd period - Snap shot by Stanislav Chistov.
14:20 of 3rd period - Stopped by Joey MacDonald with a rebound.
14:22 of 3rd period - Wrist shot by Stanislav Chistov.
14:22 of 3rd period - Goal by Stanislav Chistov - Patriotes : 8 - Senators : 6.
14:23 of 3rd period - Zenon Konopka wins face-off versus Rob Niedermayer in neutral zone.
15:04 of 3rd period - Vladimir Mihalik is hit by Timothy Kunes and loses puck.
15:17 of 3rd period - Snap shot by Christian Hanson.
15:17 of 3rd period - Stopped by Jacob Markstrom without a rebound.
15:18 of 3rd period - Christian Hanson wins face-off versus Cody Hodgson in Senators zone.
16:04 of 3rd period - Minor Penalty to Timothy Kunes for Tripping.
16:05 of 3rd period - Rob Niedermayer wins face-off versus Andreas Nodl in Patriotes zone.
16:06 of 3rd period - Slapshot by Stanislav Chistov.
16:06 of 3rd period - Shot Misses the Net.
16:42 of 3rd period - Snap shot by Rob Niedermayer.
16:42 of 3rd period - Shot Blocked by Andrew Gordon.
16:46 of 3rd period - Snap shot by Stanislav Chistov.
16:46 of 3rd period - Stopped by Joey MacDonald with a rebound.
16:48 of 3rd period - Wrist shot by Rob Niedermayer.
16:48 of 3rd period - Shot Blocked by Brett Skinner.
16:50 of 3rd period - Snap shot by Niklas Hagman.
16:50 of 3rd period - Stopped by Joey MacDonald with a rebound.
16:52 of 3rd period - Slapshot by Vladimir Mihalik.
16:52 of 3rd period - Shot Misses the Net.
17:12 of 3rd period - Wrist shot by Fedor Fedorov.
17:12 of 3rd period - Stopped by Jacob Markstrom with a rebound.
17:34 of 3rd period - Slapshot by Niklas Hagman.
17:34 of 3rd period - Stopped by Joey MacDonald without a rebound.
17:35 of 3rd period - Steven Goertzen wins face-off versus Patrice Cormier in Patriotes zone.
17:56 of 3rd period - Sergei Kostitsyn is hit by Mathieu Brodeur and loses puck.
18:04 of 3rd period - Penalty to Timothy Kunes is over, Timothy Kunes is back on ice.
18:05 of 3rd period - Wrist shot by Timothy Kunes.
18:05 of 3rd period - Stopped by Jacob Markstrom with a rebound.
18:07 of 3rd period - Wrist shot by Patrice Cormier.
18:07 of 3rd period - Stopped by Jacob Markstrom without a rebound.
18:08 of 3rd period - Cody Hodgson wins face-off versus Christian Hanson in Senators zone.
18:08 of 3rd period - Cody Hodgson is hit by Lauri Tukonen.
18:17 of 3rd period - Liam Reddox is hit by Brett Sterling and loses puck.
18:22 of 3rd period - Snap shot by Cody Hodgson.
18:22 of 3rd period - Goal by Cody Hodgson - Patriotes : 8 - Senators : 7.
18:23 of 3rd period - Cody Hodgson wins face-off versus Christian Hanson in neutral zone.
18:39 of 3rd period - Wrist shot by Jack Skille.
18:39 of 3rd period - Stopped by Joey MacDonald without a rebound.
18:40 of 3rd period - Erik Haula wins face-off versus Zenon Konopka in Patriotes zone.
18:49 of 3rd period - Wrist shot by Andreas Nodl.
18:49 of 3rd period - Deflect By Zenon Konopka.
18:49 of 3rd period - Deflect By Gabriel Bourque.
18:49 of 3rd period - Shot Misses the Net.
18:49 of 3rd period - Puck is out of play.
18:50 of 3rd period - Doug Gilmour call a timeout for Senators.
18:50 of 3rd period - Zenon Konopka wins face-off versus Erik Haula in Senators zone.
18:59 of 3rd period - Wrist shot by Zenon Konopka.
18:59 of 3rd period - Deflect By Andreas Nodl.
18:59 of 3rd period - Stopped by Jacob Markstrom with a rebound.
19:05 of 3rd period - Backhand shot by Andreas Nodl.
19:05 of 3rd period - Shot Misses the Net.
19:07 of 3rd period - Wrist shot by Zenon Konopka.
19:07 of 3rd period - Stopped by Jacob Markstrom with a rebound.
19:09 of 3rd period - Backhand shot by Brett Skinner.
19:09 of 3rd period - Deflect By Gabriel Bourque.
19:09 of 3rd period - Stopped by Jacob Markstrom with a rebound.
19:11 of 3rd period - Wrist shot by A.J Thelen.
19:11 of 3rd period - Stopped by Jacob Markstrom with a rebound.
19:27 of 3rd period - Snap shot by Andreas Nodl.
19:27 of 3rd period - Shot Misses the Net.
19:49 of 3rd period - Wrist shot by Zenon Konopka.
19:49 of 3rd period - Stopped by Jacob Markstrom with a rebound.
19:51 of 3rd period - Slapshot by Brett Skinner.
19:51 of 3rd period - Stopped by Jacob Markstrom with a rebound.
19:53 of 3rd period - Snap shot by Andreas Nodl.
19:53 of 3rd period - Shot Blocked by Vladimir Mihalik.
19:55 of 3rd period - Wrist shot by Zenon Konopka.
19:55 of 3rd period - Stopped by Jacob Markstrom without a rebound.
19:56 of 3rd period - Christian Hanson wins face-off versus Rob Niedermayer in Senators zone.
Goals for this period are 4 for Patriotes vs 2 for Senators.
Shots for this period are 18 for Patriotes vs 12 for Senators.
Output by the SimonT Hockey Simulator (STHS) for François Prévost -- Original Page W3C XHTML 1.0 Valid